 Dungeon Crawl Stone Soup version 0.21-a0-225-g207ae17 (webtiles) character file.

12389 snaildave the Grappler (level 11, -3/115 HPs)
             Began as a Troll Monk on Aug 28, 2017.
             Was a High Priest of Makhleb.
             Slain by a seven-headed hydra (9 damage)
             ... on level 1 of the Lair of Beasts.
             The game lasted 00:41:44 (8128 turns).

snaildave the Grappler (Troll Monk)                 Turns: 8128, Time: 00:41:45

Health: -3/115     AC:  7    Str: 24    XL:     11   Next: 61%
Magic:  16/16      EV: 10    Int:  6    God:    Makhleb [*****.]
Gold:   364        SH:  0    Dex: 12    Spells: 9/10 levels left

rFire    + . .     SeeInvis .     - Unarmed
rCold    . . .     Gourm    +   (no shield)
rNeg     . . .     Faith    .   r - +2 robe {rF+}
rPois    .         Spirit   .   (helmet restricted)
rElec    .         Reflect  .   (no cloak)
rCorr    .         Harm     .   (gloves unavailable)
MR       .....                  (boots unavailable)
Stlth    +++.......             k - amulet of regeneration
HPRegen  1.09/turn              g - ring of stealth
MPRegen  0.15/turn              y - ring of flight

@: no status effects
A: unfitting armour, claws 3, fast metabolism 3, gourmand, regeneration 1,
shaggy fur 1, tough skin 2
a: Minor Destruction, Lesser Servant of Makhleb, Major Destruction, Greater
Servant of Makhleb, Renounce Religion, Evoke Flight


You were on level 1 of the Lair of Beasts.
You worshipped Makhleb.
Makhleb was extremely pleased with you.
You were very full.

You visited 2 branches of the dungeon, and saw 12 of its levels.
You also visited: Sewer.

You collected 576 gold pieces.
You spent 212 gold pieces at shops.

Inventory:

Hand Weapons
 c - a +1 hunting sling
 o - a cursed -2 blowgun
 C - the +0 trident "Aduur" {flame, rElec Str+4}
   (You found it on level 8 of the Dungeon)

   It has been specially enchanted to burn those struck by it, causing extra
   injury to most foes and up to half again as much damage against particularly
   susceptible opponents.
   It affects your strength (+4).
   It insulates you from electricity.
Missiles
 m - 75 sling bullets
 s - 39 poisoned needles
Armour
 a - a +0 robe
 r - a +2 robe of fire resistance (worn)
Jewellery
 g - a ring of stealth (left claw)
 k - an amulet of regeneration (around neck)
 y - a ring of flight (right claw)
 E - a cursed amulet of inaccuracy {unknown}
 O - an uncursed amulet of magic regeneration {unknown}
Wands
 q - a wand of iceblast (8/15)
 F - a wand of lightning (5/15)
 I - a wand of acid (8/15)
 J - a wand of lightning (14/15)
 M - a wand of polymorph (15/24)
 Q - a wand of iceblast (4/15)
Scrolls
 f - 4 scrolls of teleportation
 j - a scroll of fog
 l - 4 scrolls of remove curse
 x - a scroll of immolation
 B - a scroll of amnesia
 D - a scroll of enchant armour
 G - a scroll of magic mapping
 H - 4 scrolls of enchant weapon
 N - 2 scrolls of identify
Potions
 d - 3 potions of lignification
 h - 6 potions of heal wounds
 i - 4 potions of curing
 n - 2 potions of agility
 p - a potion of cancellation
 z - a potion of might
 A - 3 potions of invisibility
 K - a potion of brilliance
 L - a potion of degeneration
Books
 e - a book of Power

   Spells                             Type                      Level
   a - Iskenderun's Battlesphere      Conjuration/Charms           5
   b - Venom Bolt                     Conjuration/Poison           5
   c - Bolt of Magma                  Conjuration/Fire/Earth       5
   d - Iron Shot                      Conjuration/Earth            6
   e - Orb of Destruction             Conjuration                  7
   f - Spellforged Servitor           Conjuration/Summoning        7
 v - a book of Conjurations

   Spells                             Type                      Level
   a - Magic Dart                     Conjuration                  1
   b - Searing Ray                    Conjuration                  2
   c - Dazzling Spray                 Conjuration/Hexes            3
   d - Fulminant Prism                Conjuration/Hexes            4
   e - Force Lance                    Conjuration/Translocation    4
   f - Iskenderun's Mystic Blast      Conjuration                  4
 P - a book of Changes

   Spells                             Type                      Level
   a - Beastly Appendage              Transmutation                1
   b - Sticks to Snakes               Transmutation                2
   c - Spider Form                    Transmutation/Poison         3
   d - Ice Form                       Ice/Transmutation            4
   e - Blade Hands                    Transmutation                5
Comestibles
 b - 6 bread rations
 t - 6 meat rations
 u - 15 royal jellies
 w - 3 fruits


   Skills:
 + Level 9.6 Fighting
 - Level 2.4 Dodging
 - Level 1.0 Stealth
 + Level 12.3 Unarmed Combat
 + Level 0.2 Transmutations
 - Level 8.3 Invocations


You had 9 spell levels left.
You knew the following spells:

 Your Spells              Type           Power        Failure   Level  Hunger
a - Beastly Appendage     Tmut           #.....       43%         1    ##.....


Dungeon Overview and Level Annotations

Branches:
Dungeon (11/15)            Temple (0/1) D:6            Lair (1/6) D:10
    Orc: D:9-12

Altars:
Kikubaaqudgha
Makhleb
Nemelex Xobeh
Okawaru
Qazlal
Ru
The Shining One

Shops:
D:9 !   D:10 *

Annotations:
D:10 exclusion: orange crystal statue
Lair:1 Gastronok


Innate Abilities, Weirdness & Mutations

You are too large for most types of armour.
You have claws for hands.
Your metabolism is lightning-fast.
You like to eat raw meat.
Your natural rate of healing is unusually fast.
You are covered in fur. (AC +1)
You have very tough skin. (AC +2)


Message History

The seven-headed hydra is splashed with acid.
The acid corrodes the seven-headed hydra!
The seven-headed hydra bites you but does no damage.
The seven-headed hydra barely misses you. x2
The seven-headed hydra completely misses you.
The seven-headed hydra bites you! x3
Press: ? - help, Shift-Dir - straight line, f/p - seven-headed hydra
Aim: a seven-headed hydra (severely wounded, covered in acid)
The seven-headed hydra resists with some effort.
The seven-headed hydra bites you. x3; The seven-headed hydra bites you!
* * * LOW HITPOINT WARNING * * *
The seven-headed hydra barely misses you.
The seven-headed hydra bites you!
* * * LOW HITPOINT WARNING * * *
The seven-headed hydra bites you!
* * * LOW HITPOINT WARNING * * *
Press: ? - help, Shift-Dir - straight line, f/p - seven-headed hydra
Aim: a seven-headed hydra (severely wounded, covered in acid)
The seven-headed hydra easily resists.
The seven-headed hydra bites you!
You die...

..# #....... ..#####.......
w.. .............. $.
#............. #..
#.#.#.##.###..
#..###########.# ####..##..
..#..#..#.....^..####...#.#..
♣............................
.###......D@....P#.#........
#...........#####....P#..
#(.########## #....##.. #..P
#....##.. ...... ##....##..
........ #.........
...###.... ###....... ...
#.D.. #........ .... .....
#........


You could see a seven-headed hydra.

Vanquished Creatures
  3 two-headed ogres
  3 death yaks
  Pikel (D:8)
  Psyche (D:10)
  A kobold demonologist (D:10)
  3 hippogriffs
  Sigmund (D:4)
  3 yaks (D:10)
  A hungry ghost (D:8)
  A water moccasin (D:10)
  3 porcupines (D:10)
  8 orc warriors
  2 sky beasts
  6 ice beasts
  2 slaves (D:8)
  5 ogres
  6 phantoms
  4 centaurs
  2 crocodiles
  3 big kobolds
  5 bullfrogs
  A wyvern skeleton (D:10)
  A water moccasin skeleton (D:9)
  3 scorpions (D:7)
  3 killer bees
  4 wights (D:6)
  8 howler monkeys
  3 crimson imps
  A centaur zombie (D:5)
  2 bullfrog zombies
  6 hounds
  4 orc priests
  5 jellies
  2 centaur skeletons
  A bullfrog skeleton (D:4)
  An iguana (D:9)
  2 hell rats (D:10)
  5 orc wizards
  5 worker ants
  A killer bee zombie (D:9)
  A hound skeleton (D:7)
  16 adders
  3 river rats
  A shadow imp (D:10)
  11 oozes
  4 adder skeletons
  9 worms
  2 dart slugs (D:2)
  5 leopard geckos
  38 orcs
  3 giant cockroaches
  10 goblins
  7 hobgoblins
  20 jackals
  17 kobolds
  13 quokkas
  5 ball pythons
  7 bats
  4 frilled lizards
  8 rats
306 creatures vanquished.

Vanquished Creatures (others)
  A scorpion (D:8)
  A jackal (D:8)
2 creatures vanquished.

Grand Total: 308 creatures vanquished

Notes
Turn   | Place    | Note
-------+----------+-------------------------------------------
     0 | D:1      | snaildave the Troll Monk began the quest for the Orb.
     0 | D:1      | Reached XP level 1. HP: 22/22 MP: 0/0
   340 | D:1      | Reached XP level 2. HP: 29/29 MP: 1/1
   662 | D:2      | Reached XP level 3. HP: 36/36 MP: 2/2
   902 | D:2      | Reached skill level 4 in Unarmed Combat
  1287 | D:3      | Reached XP level 4. HP: 45/45 MP: 3/3
  2006 | D:4      | Reached skill level 5 in Unarmed Combat
  2006 | D:4      | Reached XP level 5. HP: 34/53 MP: 4/4
  2026 | D:4      | Noticed a phantom
  2061 | D:4      | Killed a phantom
  2061 | D:4      | Reached XP level 6. HP: 41/62 MP: 5/5
  2154 | D:4      | Noticed Sigmund
  2172 | D:4      | Killed Sigmund
  2172 | D:4      | Reached skill level 6 in Unarmed Combat
  2262 | D:4      | Reached XP level 7. HP: 56/71 MP: 6/6
  2299 | D:4      | Found an iron altar of Okawaru.
  2300 | D:4      | Found a sparkling altar of Nemelex Xobeh.
  2435 | D:5      | Entered Level 5 of the Dungeon
  2453 | D:5      | Found a glowing drain.
  2462 | Sewer    | Entered a sewer
  2670 | Sewer    | Reached skill level 7 in Unarmed Combat
  3183 | D:5      | Reached skill level 5 in Fighting
  3229 | D:5      | Reached skill level 8 in Unarmed Combat
  3246 | D:5      | Reached XP level 8. HP: 80/80 MP: 7/7
  3786 | D:5      | Found a stormy altar of Qazlal.
  3787 | D:5      | Found a burning altar of Makhleb.
  3791 | D:5      | Became a worshipper of Makhleb the Destroyer
  3791 | D:5      | Reached * piety under Makhleb
  3791 | D:5      | Reached ** piety under Makhleb
  3956 | D:6      | Reached skill level 1 in Invocations
  3962 | D:6      | Reached skill level 9 in Unarmed Combat
  4280 | D:6      | Found a staircase to the Ecumenical Temple.
  4712 | D:7      | Reached XP level 9. HP: 89/89 MP: 10/10
  5188 | D:7      | Found a sacrificial altar of Ru.
  5239 | D:7      | Reached skill level 10 in Unarmed Combat
  5443 | D:8      | Got a crystal trident
  5446 | D:8      | Reached *** piety under Makhleb
  5794 | D:8      | Noticed Pikel
  5804 | D:8      | Killed Pikel
  5804 | D:8      | Reached skill level 5 in Invocations
  5842 | D:8      | Identified the cursed +0 trident "Aduur" {flame, rElec Str+4} (You found it on level 8 of the Dungeon)
  5868 | D:9      | Reached XP level 10. HP: 102/102 MP: 12/12
  5941 | D:9      | Noticed a two-headed ogre
  5956 | D:9      | Killed a two-headed ogre
  6024 | D:9      | Found Noreock's Distillery.
  6045 | D:9      | Bought a potion of brilliance for 56 gold pieces
  6045 | D:9      | Bought a potion of invisibility for 112 gold pieces
  6045 | D:9      | Bought a potion of degeneration for 14 gold pieces
  6179 | D:9      | Reached **** piety under Makhleb
  6274 | D:9      | Found an ancient bone altar of Kikubaaqudgha.
  6507 | D:10     | Entered Level 10 of the Dungeon
  6536 | D:10     | Noticed a death yak
  6538 | D:10     | Found a staircase to the Lair.
  6559 | D:10     | Killed a death yak
  6559 | D:10     | Reached skill level 11 in Unarmed Combat
  6563 | D:10     | Noticed a death yak
  6566 | D:10     | Noticed a death yak
  6581 | D:9      | Killed a death yak
  6633 | D:9      | Killed a death yak
  6746 | D:10     | Noticed a two-headed ogre
  6748 | D:10     | Killed a two-headed ogre
  6748 | D:10     | Reached XP level 11. HP: 113/113 MP: 15/15
  6847 | D:10     | Noticed an orange crystal statue
  6973 | D:10     | Found a glowing golden altar of the Shining One.
  7222 | D:10     | Noticed Psyche
  7223 | D:10     | Noticed a two-headed ogre
  7229 | D:10     | Killed Psyche
  7229 | D:10     | Reached skill level 12 in Unarmed Combat
  7239 | D:10     | Killed a two-headed ogre
  7371 | D:10     | Reached ***** piety under Makhleb
  7665 | D:10     | Found Coraajar's General Store.
  7673 | D:10     | Bought a scroll of identify for 30 gold pieces
  7677 | D:10     | Learned a level 1 spell: Beastly Appendage
  7933 | Lair:1   | Entered Level 1 of the Lair of Beasts
  8113 | Lair:1   | Noticed Gastronok
  8113 | Lair:1   | Noticed a seven-headed hydra
  8127 | Lair:1   | HP: 5/115 [seven-headed hydra (12)]
  8128 | Lair:1   | Slain by a seven-headed hydra

Vault maps used:
D:1:      moated_graveyard_arrival
D:2:      first_bread
D:4:      minitemple, uniq_sigmund
D:5:      gammafunk_temple_overflow_statue, cheibrodos_sewer_entry_sluice
D:6:      temple_doors_e
D:7:      marbit_many_paths
D:8:      uniq_pikel
D:9:      overflow_temple_1_default, serial_shops, shop,
          hangedman_little_slice_of_home
D:10:     kennysheep_blocky_room, dpeg_lair_monsters, special_room,
          serial_shops, shop, minivault_16, nicolae_tso_carved_into_rock,
          uniq_psyche
D:11:     regret_index_combs_of_tragedy, hiddenorc2_lemuel, serial_ice,
          serial_ice_d, serial_ice_f, serial_ice_k, serial_ice_m, serial_ice_n,
          portal_ice_cave_entry_pillars_1
Lair:1:   guppyfry_lair_drakes, uniq_gastronok
Sewer:    sewer_co_tree

Skill      XL: |  1  2  3  4  5  6  7  8  9 10 11 |
---------------+----------------------------------+-----
Unarmed Combat | 4 5 6 8 9 10 11 12 | 12.3
Fighting       | 3 4 5 6 7 8 9 |  9.6
Invocations    | 2 5 7 8 |  8.3
Dodging        | |  2.4
Stealth        | |  1.0
Transmutations | |  0.2

Action                   |  1- 3 |  4- 6 |  7- 9 | 10-12 || total
-------------------------+-------+-------+-------+-------++-------
Melee: Unarmed           |    89 |   112 |   275 |   215 ||   691
       Punch             |       |     1 |     6 |    17 ||    24
Invok: Minor Destruction |       |       |   122 |   158 ||   280
  Use: Scroll            |       |     6 |    15 |     3 ||    24
       Potion            |       |       |     1 |     1 ||     2
 Stab: Sleeping          |     1 |     1 |     9 |     4 ||    15
  Eat: Chunk             |    17 |     9 |    34 |    20 ||    80
Armor: Robe              |    27 |    31 |    72 |    39 ||   169
Dodge: Dodged            |    41 |    39 |   113 |    88 ||   281

Table legend:
 A = Spawn XP
 B = Non-spawn XP
 C = Spawn XP percentage of total XP
 D = Spawn monster count
 E = Non-spawn monster count
 F = Spawn count percentage of total count
 G = Total turns spent on level
                    A         B        C        D         E        F      G
               +---------+---------+-------+---------+---------+-------+---------
         Total |     576 |   17123 |   3.3 |      21 |     283 |   6.9 |  8128
               +---------+---------+-------+---------+---------+-------+---------
           D:1 |      12 |      15 |  44.4 |       4 |      10 |  28.6 |   610
           D:2 |       3 |      33 |   8.3 |       2 |      14 |  12.5 |   508
           D:3 |      28 |      79 |  26.2 |       3 |      22 |  12.0 |   835
           D:4 |       0 |     622 |   0.0 |       0 |      11 |   0.0 |   482
           D:5 |     133 |     652 |  16.9 |       1 |      22 |   4.3 |   791
           D:6 |       3 |     830 |   0.4 |       1 |      20 |   4.8 |   963
           D:7 |       0 |    1348 |   0.0 |       0 |      20 |   0.0 |   586
           D:8 |       0 |    1234 |   0.0 |       0 |      25 |   0.0 |   468
           D:9 |      53 |    3924 |   1.3 |       2 |      35 |   5.4 |   776
          D:10 |     344 |    7980 |   4.1 |       8 |      75 |   9.6 |  1307
        Lair:1 |       0 |     105 |   0.0 |       0 |       1 |   0.0 |   195
         Sewer |       0 |     301 |   0.0 |       0 |      28 |   0.0 |   605
               +---------+---------+-------+---------+---------+-------+---------
